 Dungeon Crawl Stone Soup version 0.31-a0-150-g89dc3ad700 (webtiles) character file.

Game seed: 1927070546968919544

60 Hubris850 the Shield-Bearer (level 3, -23/33 HPs)
             Began as a Minotaur Fighter on June 8, 2023.
             Annihilated by an ogre
             ... wielding a +0 giant club
              (28 damage)
             ... on level 3 of the Dungeon.
             The game lasted 00:02:45 (1074 turns).

Hubris850 the Shield-Bearer (Minotaur Fighter)      Turns: 1074, Time: 00:02:45

Health: -23/33     AC:  7    Str: 22    XL:     3   Next: 82%
Magic:  2/2        EV:  9    Int:  5    God:
Gold:   118        SH:  4    Dex:  9    Spells: 2/2 levels left

rFire   . .          .
                       - Unarmed
rCold   . . .        b - +0 buckler
rNeg    . . .        a - +0 scale mail
rPois   .            (helmet restricted)
rElec   .            (no cloak)
rCorr   .            (no gloves)
SInv    .            (no boots)
Will    .....        (no amulet) Stlth
                     (no ring)
HPRegen 0.25/turn    (no ring)
MPRegen 0.08/turn

%: no passive effects
@: no status effects
A: horns 2, retaliatory headbutt
a: no special abilities


You were on level 3 of the Dungeon.
You visited 1 branch of the dungeon, and saw 3 of its levels.

You collected 118 gold pieces.

Inventory:

Hand Weapons
 d - a +2 dagger of draining
Missiles
 f - 13 poisoned darts (quivered)
Armour
 a - a +0 scale mail (worn)
 b - a +0 buckler (worn)
Jewellery
 l - a ring of wizardry
Wands
 p - a wand of flame (17)
Scrolls
 e - 2 scrolls of blinking {unknown}
 h - 5 scrolls of identify {unknown}
 i - a scroll of enchant armour {unknown}
 k - 2 scrolls of fear {unknown}
 m - a scroll of teleportation {unknown}
 s - a scroll of brand weapon {unknown}
 u - a scroll of magic mapping {unknown}
Potions
 c - a potion of might
 g - a potion of curing {unknown}
 j - a potion of heal wounds {unknown}
 n - a potion of invisibility {unknown}
 o - a potion of brilliance {unknown}
 q - 2 potions of degeneration {unknown}
 r - a potion of enlightenment {unknown}
 t - a potion of mutation {unknown}


   Skills:
 - Level 4.0 Fighting
 - Level 4.0 Armour
 + Level 4.6 Shields
 + Level 3.2 Unarmed Combat


You had 2 spell levels left.
You didn't know any spells.
Your spell library contained the following spells:

 Spells                   Type           Power      Damage    Failure   Level
 Scorch                   Fire           0%         2d5       94%         2
 Flame Wave               Conj/Fire      0%         2d4       100%        4
 Summon Cactus Giant      Summ           0%         N/A       100%        6


Dungeon Overview and Level Annotations

Branches:
Dungeon (3/15)

Altars:

Shops:
D:2 (   D:3 *


Innate Abilities, Weirdness & Mutations

You have a pair of horns on your head.
You reflexively headbutt those who attack you in melee.


Message History

You hit the ogre.
The ogre is lightly wounded.
You block the ogre's attack.
You hit the ogre but do no damage.
The ogre is lightly wounded.
The ogre barely misses you.
You hit the ogre.
The ogre is moderately wounded.
The ogre looks more healthy.
You hit the ogre but do no damage.
The ogre is moderately wounded.
The ogre hits you with a +0 giant club!!
Ouch! That really hurt!
* * * LOW HITPOINT WARNING * * *
You are too injured to fight recklessly!
You are too injured to fight recklessly!
You are too injured to fight recklessly!
You hit the ogre.
The ogre is heavily wounded.
The ogre barely misses you.
You hit the ogre but do no damage.
The ogre is heavily wounded.
The frilled lizard barely misses you.
You hit the ogre but do no damage. You headbutt the ogre.
The ogre is heavily wounded.
You block the ogre's attack. The frilled lizard barely misses you.
You hit the ogre. Your headbutt misses the ogre.
The ogre is severely wounded.
You block the quokka's attack. The frilled lizard bites you.
* * * LOW HITPOINT WARNING * * *
You hit the ogre.
The ogre is almost dead.
The quokka bites you but does no damage.
The ogre closely misses you. The frilled lizard closely misses you.
You block the quokka's attack.
You hit the ogre. Your headbutt misses the ogre.
The ogre is almost dead.
The ogre hits you with a +0 giant club!!
Ouch! That really hurt!
You die...

### #.# #.### #########
#...##### #...r...#
#.#...#.## #...l@..#
#..##....# #...O...#
##.####...
#..(....######.####..#
##(#.##..........##...
#(#.##...............
(.#.##...............
...#.##...............
(...#.##...............
.....#.##..........(....


You could see an ogre, a quokka and a frilled lizard.

Vanquished Creatures
  2 adders (D:2)
  A worm (D:3)
  A dart slug (D:3)
  3 orcs (D:3)
  6 bats
  3 endoplasms
  2 goblins
  2 hobgoblins
  A quokka (D:1)
  7 ball pythons
  2 frilled lizards
  4 kobolds
  2 rats (D:1)
36 creatures vanquished.

Notes
Turn   | Place    | Note
-------+----------+-------------------------------------------
     0 | D:1      | Hubris850 the Minotaur Fighter began the quest for the Orb.
     0 | D:1      | Reached XP level 1. HP: 19/19 MP: 0/0
   144 | D:1      | Reached XP level 2. HP: 27/27 MP: 1/1
   379 | D:1      | You fall into a shaft and drop 1 floor!
   441 | D:2      | Reached XP level 3. HP: 33/33 MP: 2/2
   460 | D:2      | Found Sesharut's Weapon Boutique.
   859 | D:3      | Found Voopsero's Assorted Antiques.
  1056 | D:3      | Noticed an ogre
  1074 | D:3      | Annihilated by an ogre

Illustrated notes

Levels and vault maps discovered:
D:1:      lemuel_arrival_behind_the_door_small, layout_rooms,
          shapermc_ecumenical_altar_venn
D:2:      layout_basic, serial_shops, nicolae_shop_bloodbath_and_beyond
D:3:      layout_rooms, serial_shops, nicolae_shop_trees

Skill      XL: |  1  2  3 |
---------------+----------+-----
Fighting       | 4 |  4.0
Armour         | 4 |  4.0
Shields        | 4 |  4.6
Unarmed Combat | 3 |  3.2

Action                     || total
---------------------------++-------
  Melee: Dagger            ||    49
         Unarmed           ||    60
         Headbutt          ||    13
  Throw: Dart              ||     6
 Armour: Scale mail        ||    40
  Dodge: Dodged            ||    35
  Block: Buckler           ||    29

Table legend: (Time is in decaauts)
 A = Elapsed time spent in this place.
 B = Non-inter-level travel time spent in this place.
 C = Inter-level travel time spent in this place.
 D = Time resting spent in this place.
 E = Time spent auto-exploring this place.
 F = Levels seen in this place.
 G = Mean time per level.
                   A        B        C        D        E       F      G
               +--------+--------+--------+--------+--------+-----+--------+
         Total |   1072 |   1062 |     10 |      0 |    806 |   3 |  357.3 |
       Dungeon |   1072 |   1062 |     10 |      0 |    806 |   3 |  357.3 |
               +--------+--------+--------+--------+--------+-----+--------+

Top non-repeatable levels by time:
     D:2: 478 daAuts
     D:1: 378 daAuts
     D:3: 214 daAuts
